 Dungeon Crawl Stone Soup version 0.25-a0-488-g03579ab (webtiles) character file.

Game seed: 1268482298396160969, levelgen mode: deterministic

7 15 the Ruffian (level 1, 0/16 HPs)
             Began as a Draconian Transmuter on Feb 10, 2020.
             Slain by a jackal (1 damage)
             ... on level 1 of the Dungeon.
             The game lasted 00:00:50 (91 turns).

15 the Ruffian (Draconian Transmuter)                 Turns: 91, Time: 00:00:50

Health: 0/16       AC:  4    Str: 12    XL:     1   Next: 91%
Magic:  3/3        EV: 12    Int: 13    God:
Gold:   11         SH:  0    Dex: 11    Spells: 3/4 levels left

rFire    . . .     SeeInvis .     - Unarmed
rCold    . . .     Gourm    .   (no shield)
rNeg     . . .     Faith    .   (armour unavailable)
rPois    .         Spirit   .   (helmet restricted)
rElec    .         Reflect  .   (no cloak)
rCorr    .         Harm     .   (no gloves)
MR       .....                  (no boots)
Stlth    +.........             (no amulet)
HPRegen  0.05/turn              (no ring)
MPRegen  0.08/turn              (no ring)

@: no status effects
A: unfitting armour, cold-blooded, AC +4
a: no special abilities


You were on level 1 of the Dungeon.
You were not hungry.

You visited 1 branch of the dungeon, and saw 1 of its levels.

You collected 11 gold pieces.

Inventory:

Missiles
 a - 12 arrows
Comestibles
 b - a chunk of flesh
 c - a ration


   Skills:
 + Level 1.1 Fighting
 + Level 1.8 Dodging
 + Level 3.4 Unarmed Combat
 + Level 2.0 Spellcasting
 + Level 2.0 Transmutations


You had 3 spell levels left.
You knew the following spells:

 Your Spells              Type           Power        Failure   Level  Hunger
a - Beastly Appendage     Tmut           #.....       11%         1    ##.....

Your spell library contained the following spells:

 Spells                   Type           Power        Failure   Level  Hunger
 Sticks to Snakes         Tmut           #.......     17%         2    ###....
 Spider Form              Tmut/Pois      #.........   45%         3    ####...
 Ice Form                 Ice/Tmut       #.......     86%         4    #####..
 Blade Hands              Tmut           #.........   97%         5    ######.


Dungeon Overview and Level Annotations

Branches:
Dungeon (1/15)

Altars:


Innate Abilities, Weirdness & Mutations

Your plain brown scales are hard. (AC +4)
You cannot fit into any form of body armour.
You are cold-blooded and may be slowed by cold attacks.


Message History

You kill the jackal!
You hit the jackal.
Your tail-slap misses the jackal.
The jackal is severely wounded.
The jackal barely misses you.
You hit the jackal but do no damage.
The jackal is severely wounded.
The jackal bites you but does no damage.
The jackal closely misses you.
You barely miss the jackal.
The jackal is severely wounded.
The jackal bites you.
* * * LOW HITPOINT WARNING * * *
You hit the jackal.
You kill the jackal!
You barely miss the jackal. The jackal bites you.
* * * LOW HITPOINT WARNING * * *
You hit the jackal.
The jackal is heavily wounded.
The jackal bites you.
You die...

#......... .......... #..
#......... #.. #.........
#.. #.........
##..#+##h........
#.>.....h...#
.##......####.#
..........h@..#
.......÷.######
.........# ######### ##
....#.##.#
#D#≈#D#^#######d .!..#.
#.############D#D#X## ...
..##'##^#.......#######.
####...###.#####.........
#^#.>.....#^#*#####.....
###...#########*#X######


You could see a jackal.

Vanquished Creatures
  A goblin (D:1)
  3 jackals (D:1)
  A kobold (D:1)
  A frilled lizard (D:1)
6 creatures vanquished.

Notes
Turn   | Place    | Note
-------+----------+-------------------------------------------
     0 | D:1      | 15 the Draconian Transmuter began the quest for the Orb.
     0 | D:1      | Reached XP level 1. HP: 16/16 MP: 3/3
     0 | D:1      | Noticed a tentacled monstrosity
     2 | D:1      | Noticed a black draconian
     2 | D:1      | Noticed an ice dragon
     5 | D:1      | Noticed a large abomination
     6 | D:1      | Noticed an iron dragon
     7 | D:1      | Noticed a shadow dragon
     9 | D:1      | Noticed a shadow dragon
    10 | D:1      | Noticed a tentacled monstrosity
    12 | D:1      | Noticed an orb of fire
    14 | D:1      | Noticed an ice dragon
    14 | D:1      | Noticed an orb of fire
    16 | D:1      | Noticed a tentacled monstrosity
    18 | D:1      | Noticed an iron dragon
    18 | D:1      | Noticed an iron dragon
    91 | D:1      | Slain by a jackal

Levels and vault maps discovered:
D:1:      shiori_arrival_whats_in_store_for_you, layout_basic

Action                   || total
-------------------------++-------
Melee: Unarmed           ||    29
       Tailslap          ||     2
 Cast: Beastly Appendage ||     2
Armor: Skin              ||    12
Dodge: Dodged            ||    20

Table legend:
 A = Non-vault XP
 B = Vault XP
 C = Vault XP percentage of total XP
 D = Non-vault monster count
 E = Vault monster count
 F = Vault count percentage of total count
                 A         B        C        D         E       F
            +---------+---------+-------+---------+---------+-------
      Total |      11 |       0 |   0.0 |       6 |       0 |   0.0
            +---------+---------+-------+---------+---------+-------
        D:1 |      11 |       0 |   0.0 |       6 |       0 |   0.0
            +---------+---------+-------+---------+---------+-------
